 Dungeon Crawl Stone Soup version 0.31-a0-1499-ge0622b2318 (webtiles) character file.

Game seed: 3113640319957942069

5 Curundu the Slasher (level 1, -3/20 HPs)
             Began as a Minotaur Berserker on Dec 29, 2023.
             Was a Follower of Trog.
             Slain by a gnoll
             ... wielding a +0 club
              (5 damage)
             ... on level 1 of the Dungeon.
             The game lasted 00:00:13 (115 turns).

Curundu the Slasher (Minotaur Berserker)             Turns: 115, Time: 00:00:14

Health: -3/20      AC:  2    Str: 21    XL:     1   Next: 66%
Magic:  0/0        EV: 12    Int:  4    God:    Trog [*.....]
Gold:   12         SH:  0    Dex:  9    Spells: 0/0 levels left

rFire   . . .        a - +0 falchion
rCold   . . .        (no shield)
rNeg    . . .        b - +0 animal skin
rPois   .            (helmet restricted)
rElec   .            (no cloak)
rCorr   .            (no gloves)
SInv    .            (no boots)
Will    .....        (no amulet)
Stlth   +            (no ring)
HPRegen 0.23/turn    (no ring)
MPRegen 0.07/turn

%: no passive effects
@: no status effects
A: horns 2, retaliatory headbutt
a: Renounce Religion, Berserk


You were on level 1 of the Dungeon.
You worshipped Trog.
Trog was aware of your devotion.
You visited 1 branch of the dungeon, and saw 1 of its levels.

You collected 12 gold pieces.

Inventory:

Hand Weapons
 a - a +0 falchion (weapon)
Armour
 b - a +0 animal skin (worn)


   Skills:
 + Level 3.8 Fighting
 + Level 3.8 Long Blades
 + Level 2.5 Armour
 + Level 2.2 Dodging


You couldn't memorise any spells.
You didn't know any spells.
Your spell library was empty.

Dungeon Overview and Level Annotations

Branches:
Dungeon (1/15)

Altars:


Innate Abilities, Weirdness & Mutations

You have a pair of horns on your head.
You reflexively headbutt those who attack you in melee.


Message History

Trog accepts your kill.
Things that are here:
a +0 dagger; a goblin corpse HP restored.
You now have 10 gold pieces.
You now have 12 gold pieces (gained 2).
A dart slug comes into view.
The dart slug launches a dart at you. The slug dart misses you.
A gnoll comes into view. It is wielding a +0 club.
The gnoll shouts!
You hear an angry hiss.
The dart slug bites you but does no damage.
You hit the dart slug.
The dart slug is heavily wounded.
The dart slug bites you but does no damage.
You hit the dart slug but do no damage.
The dart slug is heavily wounded.
The gnoll hits you with a +0 club.
You hit the dart slug.
The dart slug is severely wounded.
The gnoll hits you with a +0 club.
A rat comes into view.
The dart slug closely misses you. The gnoll misses you.
The rat moves out of view.
You hit the dart slug.
The dart slug is severely wounded.
The dart slug launches a dart at you. The slug dart hits you.
The gnoll barely misses you.
You hit the dart slug.
You kill the dart slug!
Trog accepts your kill. The gnoll hits you with a +0 club.
A bat comes into view.
The gnoll hits you with a +0 club!
* * * LOW HITPOINT WARNING * * *
The bat moves out of view.
You hit the gnoll.
The gnoll is heavily wounded.
The gnoll hits you with a +0 club.
You die...

#........#
#........#### #.#
#####.......# ##.##
#.##.##.###...##
#.##.##.# ..... ###
#.##.##.###... ...#
#.##......##.# ....#
#.####.....#.##......
#.# #......@.......#
#.####.....#g##.....#
#.........##.# #####
############.# #.#
#.# #.. #b.


You could see a gnoll and a bat (wandering).

Vanquished Creatures
  A dart slug (D:1)
  An endoplasm (D:1)
  A goblin (D:1)
3 creatures vanquished.

Notes
Turn   | Place    | Note
-------+----------+-------------------------------------------
     0 | D:1      | Curundu the Minotaur Berserker began the quest for the Orb.
     0 | D:1      | Reached XP level 1. HP: 19/19 MP: 0/0
   115 | D:1      | Slain by a gnoll

Illustrated notes

Levels and vault maps discovered:
D:1:      amcnicky_arrival_choice, layout_loops_corners, basic_ecumenical_altar,
          serial_shops, nicolae_shop_gaudy_bauble, dreamdust_princess_corridor

Action                     || total
---------------------------++-------
  Melee: Falchion          ||    12
 Armour: Animal skin       ||    11
  Dodge: Dodged            ||     8

Table legend: (Time is in decaauts)
 A = Elapsed time spent in this place.
 B = Non-inter-level travel time spent in this place.
 C = Inter-level travel time spent in this place.
 D = Time resting spent in this place.
 E = Time spent auto-exploring this place.
 F = Levels seen in this place.
 G = Mean time per level.
                   A        B        C        D        E       F      G
               +--------+--------+--------+--------+--------+-----+--------+
         Total |    116 |    116 |      0 |      0 |     92 |   1 |  116.0 |
       Dungeon |    116 |    116 |      0 |      0 |     92 |   1 |  116.0 |
               +--------+--------+--------+--------+--------+-----+--------+

Top non-repeatable levels by time:
     D:1: 116 daAuts
